PUB
IRON CITY EDDIES @ HOUSTON COLT .45S
05/27/1972
 
TOP OF THE 1ST
Iron City Eddies batting - Pitching for Houston Colt .45s : RHP Chris Moore
Pitching: RHP Chris Moore
Batting: LHB Vada Pinson 0-0: Ball
1-0: Ball
2-0: Swinging Strike
2-1: Swinging Strike
2-2: Ball
3-2: Foul Ball, location: 7LSF
3-2: Foul Ball, location: 2F
3-2: Strikes out swinging
Batting: LHB Fernando Pérez 0-0: Foul Ball, location: 9LMFF
0-1: Foul Ball, location: 2F
0-2: Strikes out looking
Batting: LHB Willie Stargell 0-0: Called Strike
0-1: Ball
1-1: Foul Ball, location: 7LSF
1-2: Hit by Pitch
Batting: RHB Dwaine Bullivant 0-0: Called Strike
0-1: Swinging Strike
0-2: Ball
1-2: Ball
2-2: Foul Ball, location: 25FF
2-2: Ball
3-2: Foul Ball, location: 7LSF
3-2: Ground out 6-3 (Groundball, 6, EV 99.4 MPH)
Top of the 1st over - 0 runs, 0 hits, 0 errors, 1 left on base; Iron City 0 - Houston 0
BOTTOM OF THE 1ST
Houston Colt .45s batting - Pitching for Iron City Eddies : RHP Donald Talley
Pitching: RHP Donald Talley
Batting: LHB Joe L Morgan 0-0: Foul Ball, location: 3FF
0-1: Hit by Pitch
Batting: LHB Edgardo Vázquez 0-0: Ball
1-0: Ball
Joe L Morgan steals 2nd base (no throw)
2-0: Ball
3-0: Called Strike
3-1: Ground out 6-3 (Groundball, 6, EV 88.8 MPH)
Joe L Morgan to third
Batting: SHB Michael Trusty 0-0: Ball
1-0: Foul Ball, location: 2F
1-1: Fly out, F6 (Popup, 6D, EV 60.6 MPH)
Batting: LHB Juan Rodríguez 0-0: Ball
1-0: Foul Ball, location: 2F
1-1: 2-RUN HOME RUN (Flyball, 9D, EV 92.5 MPH), Distance : 351 ft
Batting: RHB Jeremy Williams 0-0: Ball
1-0: Called Strike
1-1: DOUBLE (Line Drive, 89XD, EV 106.3 MPH)
Batting: LHB Jeff Murphy 0-0: Called Strike
0-1: Ball
1-1: SINGLE (Line Drive, 6D, EV 99.4 MPH)
Jeremy Williams to third
Runner from 3rd tries for Home, throw by CF and OUT! 8-2
Bottom of the 1st over - 2 runs, 3 hits, 0 errors, 1 left on base; Iron City 0 - Houston 2
TOP OF THE 2ND
Iron City Eddies batting - Pitching for Houston Colt .45s : RHP Chris Moore
Batting: RHB Jason Wright 0-0: Swinging Strike
0-1: Foul Ball, location: 2F
0-2: Ball
1-2: SINGLE (Line Drive, 9S, EV 103.1 MPH)
Batting: RHB Jed Hembree 0-0: Called Strike
Jason Wright steals 2nd base
0-1: Ball
1-1: Swinging Strike
1-2: Ball
2-2: Strikes out swinging
Batting: RHB Alex Díaz 0-0: Ball
1-0: Called Strike
1-1: Swinging Strike
1-2: Foul Ball, location: 5F
1-2: Foul Ball, location: 7LMF
1-2: Strikes out swinging
Batting: LHB Jing-xiang Lok 0-0: Called Strike
0-1: Foul Ball, location: 7LDF
0-2: Ball
1-2: Strikes out swinging
Top of the 2nd over - 0 runs, 1 hit, 0 errors, 1 left on base; Iron City 0 - Houston 2
BOTTOM OF THE 2ND
Houston Colt .45s batting - Pitching for Iron City Eddies : RHP Donald Talley
Batting: SHB Bob Saverine 0-0: Ball
1-0: Called Strike
1-1: Ground out 4-3 (Groundball, 4, EV 83.8 MPH)
Batting: RHB Ching Yo 0-0: Ball
1-0: Foul Ball, location: 23F
1-1: Foul Ball, location: 2F
1-2: Strikes out swinging
Batting: LHB Chris Moore 0-0: Ball
1-0: Called Strike
1-1: Ball
2-1: Foul Ball, location: 2F
2-2: Foul Ball, location: 2F
2-2: Strikes out swinging
Bottom of the 2nd over - 0 runs, 0 hits, 0 errors, 0 left on base; Iron City 0 - Houston 2
TOP OF THE 3RD
Iron City Eddies batting - Pitching for Houston Colt .45s : RHP Chris Moore
Batting: RHB Donald Talley 0-0: Ball
1-0: Called Strike
1-1: Ball
2-1: Called Strike
2-2: Strikes out swinging
Batting: LHB Vada Pinson 0-0: Swinging Strike
0-1: Foul Ball, location: 9LSF
0-2: Hit by Pitch
Batting: LHB Fernando Pérez 0-0: Swinging Strike
0-1: Ball
1-1: Ball
2-1: Ball
3-1: Called Strike
3-2: Foul Ball, location: 3SF
3-2: Base on Balls
Vada Pinson to second
Batting: LHB Willie Stargell 0-0: Ball
1-0: Foul Ball, location: 7LMF
1-1: Called Strike
1-2: Ball
2-2: Foul Ball, location: 3FF
2-2: SINGLE (Line Drive, 8RS, EV 94.4 MPH)
Vada Pinson to third
Fernando Pérez to second
Throwing error, E8
Vada Pinson scores
Fernando Pérez to third
Willie Stargell to second
Batting: RHB Dwaine Bullivant 0-0: Called Strike
0-1: Ground out 4-3 (Groundball, 4, EV 81.3 MPH)
Fernando Pérez scores
Willie Stargell to third
Batting: RHB Jason Wright 0-0: SINGLE (Groundball, 6MD, EV 110.6 MPH) (infield hit)
Willie Stargell scores
Batting: RHB Jed Hembree 0-0: Called Strike
0-1: Ball
1-1: Swinging Strike
1-2: Foul Ball, location: 9LSF
1-2: Foul Ball, location: 2F
1-2: Strikes out swinging
Top of the 3rd over - 3 runs, 2 hits, 1 error, 1 left on base; Iron City 3 - Houston 2
BOTTOM OF THE 3RD
Houston Colt .45s batting - Pitching for Iron City Eddies : RHP Donald Talley
Batting: LHB Joe L Morgan 0-0: Called Strike
0-1: Ball
1-1: Ball
2-1: Foul Ball, location: 2F
2-2: Ball
3-2: Strikes out looking
Batting: LHB Edgardo Vázquez 0-0: Foul Ball, location: 2F
0-1: Foul Ball, location: 2F
0-2: Strikes out swinging
Batting: SHB Michael Trusty 0-0: Called Strike
0-1: Ball
1-1: Ground out 3-1 (Groundball, 34, EV 83.8 MPH)
Bottom of the 3rd over - 0 runs, 0 hits, 0 errors, 0 left on base; Iron City 3 - Houston 2
TOP OF THE 4TH
Iron City Eddies batting - Pitching for Houston Colt .45s : RHP Chris Moore
Batting: RHB Alex Díaz 0-0: Ball
1-0: Called Strike
1-1: Fly out, F2 (Popup, 5SF, EV 88.8 MPH)
Batting: LHB Jing-xiang Lok 0-0: Called Strike
0-1: Ball
1-1: Foul Ball, location: 5F
1-2: Ball
2-2: Ground out U3 (Groundball, 34S, EV 78.8 MPH)
Batting: RHB Donald Talley 0-0: Swinging Strike
0-1: Foul Ball, location: 2F
0-2: Strikes out swinging
Top of the 4th over - 0 runs, 0 hits, 0 errors, 0 left on base; Iron City 3 - Houston 2
BOTTOM OF THE 4TH
Houston Colt .45s batting - Pitching for Iron City Eddies : RHP Donald Talley
Batting: LHB Juan Rodríguez 0-0: Ball
1-0: Swinging Strike
1-1: Ball
2-1: Swinging Strike
2-2: DOUBLE (Line Drive, 9LM, EV 100.6 MPH)
Batting: RHB Jeremy Williams 0-0: DOUBLE (Flyball, 8LXD, EV 106.9 MPH)
Juan Rodríguez scores
Batting: LHB Jeff Murphy 0-0: Called Strike
0-1: Ball
1-1: Ball
2-1: Swinging Strike
2-2: SINGLE (Line Drive, 89S, EV 99.4 MPH)
Jeremy Williams to third
Batting: SHB Bob Saverine 0-0: Called Strike
0-1: Ball
1-1: Ground out 5-3 (Groundball, 56S, EV 68.8 MPH)
Jeremy Williams scores
Jeff Murphy to second
Batting: RHB Ching Yo 0-0: Called Strike
0-1: Foul Ball, location: 23F
0-2: Foul Ball, location: 2F
0-2: Foul Ball, location: 3F
0-2: Ground out 6-3 (Groundball, 6, EV 105.6 MPH)
Batting: LHB Chris Moore 0-0: Ball
1-0: Foul Ball, location: 5F
1-1: Foul Ball, location: 2F
1-2: Strikes out swinging
Bottom of the 4th over - 2 runs, 3 hits, 0 errors, 1 left on base; Iron City 3 - Houston 4
TOP OF THE 5TH
Iron City Eddies batting - Pitching for Houston Colt .45s : RHP Chris Moore
Batting: LHB Vada Pinson 0-0: Swinging Strike
0-1: Fly out, F9 (Line Drive, 89M, EV 110.0 MPH)
Batting: LHB Fernando Pérez 0-0: Ball
1-0: Ball
2-0: Ball
3-0: Called Strike
3-1: Foul Ball, location: 25F
3-2: Strikes out swinging
Batting: LHB Willie Stargell 0-0: Foul Ball, location: 5DF
0-1: Fly out, F8 (Flyball, 8RM, EV 88.8 MPH)
Top of the 5th over - 0 runs, 0 hits, 0 errors, 0 left on base; Iron City 3 - Houston 4
BOTTOM OF THE 5TH
Houston Colt .45s batting - Pitching for Iron City Eddies : RHP Donald Talley
Batting: LHB Joe L Morgan 0-0: Called Strike
0-1: Ball
1-1: Ball
2-1: Fly out, F8 (Flyball, 8LD, EV 98.8 MPH)
Batting: LHB Edgardo Vázquez 0-0: Called Strike
0-1: Foul Ball, location: 5DF
0-2: Ground out 2-3 (Groundball, 2L, EV 71.3 MPH)
Batting: SHB Michael Trusty 0-0: Swinging Strike
0-1: Called Strike
0-2: Strikes out swinging
Bottom of the 5th over - 0 runs, 0 hits, 0 errors, 0 left on base; Iron City 3 - Houston 4
TOP OF THE 6TH
Iron City Eddies batting - Pitching for Houston Colt .45s : RHP Chris Moore
Batting: RHB Dwaine Bullivant 0-0: Called Strike
0-1: Swinging Strike
0-2: Foul Ball, location: 25FF
0-2: Foul Ball, location: 2F
0-2: Foul Ball, location: 2F
0-2: Foul Ball, location: 3F
0-2: Ball
1-2: Strikes out swinging
Pitching: RHP Stan González
Batting: RHB Jason Wright 0-0: Ball
1-0: Ball
2-0: Ball
3-0: Base on Balls
Batting: RHB Jed Hembree 0-0: DOUBLE (Line Drive, 9LS, EV 106.3 MPH)
Jason Wright to third
Pinch Hitting: LHB Ernesto González 0-0: Ball
1-0: Fly out, F7 (Flyball, 78S, EV 85.6 MPH)
Batting: LHB Jing-xiang Lok 0-0: Intentional Walk
Batting: RHB Donald Talley 0-0: Called Strike
0-1: Ball
1-1: SINGLE (Line Drive, 5D, EV 97.5 MPH)
Jason Wright scores
Jed Hembree to third
Jing-xiang Lok to second
Runner from 3rd tries for Home, SAFE, throw by LF to home
Batting: LHB Vada Pinson 0-0: Foul Ball, location: 3F
0-1: Foul Ball, location: 2F
0-2: Ball
1-2: Ground out 4-3 (Groundball, 4, EV 110.0 MPH)
Top of the 6th over - 2 runs, 2 hits, 0 errors, 2 left on base; Iron City 5 - Houston 4
BOTTOM OF THE 6TH
Houston Colt .45s batting - Pitching for Iron City Eddies : RHP Donald Talley
Now at 2B: Saran Vakil
Batting: LHB Juan Rodríguez 0-0: Ground out 1-3 (Groundball, 15S, EV 65.6 MPH)
Batting: RHB Jeremy Williams 0-0: Called Strike
0-1: Ball
1-1: Ball
2-1: Ground out U3 (Groundball, 34S, EV 85.6 MPH)
Batting: LHB Jeff Murphy 0-0: Ball
1-0: Fly out, F9 (Flyball, 9, EV 92.5 MPH)
Bottom of the 6th over - 0 runs, 0 hits, 0 errors, 0 left on base; Iron City 5 - Houston 4
TOP OF THE 7TH
Iron City Eddies batting - Pitching for Houston Colt .45s : RHP Stan González
Batting: LHB Fernando Pérez 0-0: Foul Ball, location: 9LMF
0-1: Swinging Strike
0-2: Ball
1-2: Strikes out looking
Batting: LHB Willie Stargell 0-0: Called Strike
0-1: Ball
1-1: Ball
2-1: Foul Ball, location: 5F
2-2: Ball
3-2: Fly out, F8 (Flyball, 8RM, EV 86.9 MPH)
Batting: RHB Dwaine Bullivant 0-0: Ball
1-0: Foul Ball, location: 2F
1-1: Foul Ball, location: 2F
1-2: Foul Ball, location: 7LSFF
1-2: Ball
2-2: Foul Ball, location: 2F
2-2: Ball
3-2: Foul Ball, location: 9LDF
3-2: SINGLE (Line Drive, 56, EV 95.6 MPH)
Pitching: LHP Gordie Richardson
Batting: RHB Jason Wright 0-0: Ball
1-0: Called Strike
Pickoff Throw to First - Out! 1-3 CS
Top of the 7th over - 0 runs, 1 hit, 0 errors, 0 left on base; Iron City 5 - Houston 4
BOTTOM OF THE 7TH
Houston Colt .45s batting - Pitching for Iron City Eddies : RHP Donald Talley
Now at 2B: Mike Ellis
Now at SS: Saran Vakil
Now in CF: Vic Davalillo
Now in RF: Fernando Pérez
Pinch Hitting: RHB Nobuhisa Fujii 0-0: Ball
1-0: Called Strike
1-1: Ball
2-1: Called Strike
2-2: Ball
3-2: Strikes out swinging
Batting: RHB Ching Yo 0-0: Ball
1-0: Called Strike
1-1: Foul Ball, location: 3FF
1-2: Fly out, F6 (Popup, 6, EV 55.0 MPH)
Pinch Hitting: SHB Eric Tucker 0-0: Called Strike
0-1: SINGLE (Line Drive, 34D, EV 106.3 MPH)
Pinch Hitting: RHB Virgil McDonald 0-0: Ball
1-0: Fielders Choice at 2nd, 6-4 (Groundball, 6, EV 78.1 MPH)
Bottom of the 7th over - 0 runs, 1 hit, 0 errors, 1 left on base; Iron City 5 - Houston 4
TOP OF THE 8TH
Iron City Eddies batting - Pitching for Houston Colt .45s : LHP Gordie Richardson
Pitching: RHP Phil Regan
Now at 2B: Jeremy Williams
Now at 3B: Virgil McDonald
Now in LF: Nobuhisa Fujii
Now in CF: Juan Rodríguez
Batting: RHB Jason Wright 0-0: Ball
1-0: Ball
2-0: Ball
3-0: Called Strike
3-1: Ground out 6-3 (Groundball, 6, EV 89.4 MPH)
Batting: RHB Mike Ellis 0-0: Ball
1-0: Swinging Strike
1-1: Ball
2-1: Foul Ball, location: 2F
2-2: Ball
3-2: Ground out 4-3 (Groundball, 4, EV 85.6 MPH)
Batting: LHB Saran Vakil 0-0: Ball
1-0: Ball
2-0: Ball
3-0: Called Strike
3-1: Base on Balls
Batting: LHB Jing-xiang Lok 0-0: Ball
1-0: Called Strike
1-1: Ball
Saran Vakil is caught stealing 2nd base 2-6
Top of the 8th over - 0 runs, 0 hits, 0 errors, 0 left on base; Iron City 5 - Houston 4
BOTTOM OF THE 8TH
Houston Colt .45s batting - Pitching for Iron City Eddies : RHP Donald Talley
Batting: LHB Edgardo Vázquez 0-0: Foul Ball, location: 3FF
0-1: Called Strike
0-2: Strikes out looking
Pitching: LHP Billy McCool
Batting: SHB Michael Trusty 0-0: Ball
1-0: Called Strike
1-1: Called Strike
1-2: Foul Ball, location: 2F
1-2: Strikes out looking
Batting: LHB Juan Rodríguez 0-0: Called Strike
0-1: Ball
1-1: Ground out 6-3 (Groundball, 6MS, EV 86.9 MPH)
Bottom of the 8th over - 0 runs, 0 hits, 0 errors, 0 left on base; Iron City 5 - Houston 4
TOP OF THE 9TH
Iron City Eddies batting - Pitching for Houston Colt .45s : RHP Phil Regan
Batting: LHB Jing-xiang Lok 0-0: Ground out 1-3 (Groundball, 15S, EV 73.8 MPH)
Batting: RHB Billy McCool 0-0: Ball
1-0: Called Strike
1-1: Foul Ball, location: 2F
1-2: Foul Ball, location: 2F
1-2: Fly out, F9 (Flyball, 9, EV 88.1 MPH)
Batting: LHB Vic Davalillo 0-0: Ground out 2-3 (Groundball, 2L, EV 70.6 MPH)
Top of the 9th over - 0 runs, 0 hits, 0 errors, 0 left on base; Iron City 5 - Houston 4
BOTTOM OF THE 9TH
Houston Colt .45s batting - Pitching for Iron City Eddies : LHP Billy McCool
Batting: RHB Jeremy Williams 0-0: Ball
1-0: Foul Ball, location: 2F
1-1: Foul Ball, location: 3DF
1-2: Fly out, F7 (Line Drive, 7LM, EV 98.8 MPH)
Pinch Hitting: RHB Darby Moore 0-0: Called Strike
0-1: Ball
1-1: Ball
2-1: Foul Ball, location: 2F
2-2: Strikes out swinging
Batting: RHB Nobuhisa Fujii 0-0: Fly out, F9 (Line Drive, 89M, EV 109.4 MPH)
Bottom of the 9th over - 0 runs, 0 hits, 0 errors, 0 left on base; Iron City 5 - Houston 4
Thursday, March 21st , 2024 - OOTP Baseball 24.8 Build 75